 Dungeon Crawl Stone Soup version 0.27.1 (webtiles) character file.

Game seed: 15379379535638724280

160 ZARRMARR the Ruffian (level 5, -2/46 HPs)
             Began as a Ghoul Monk on Aug 25, 2021.
             Slain by Ijyb (3 damage)
             ... on level 4 of the Dungeon.
             The game lasted 00:04:46 (1863 turns).

ZARRMARR the Ruffian (Ghoul Monk)                   Turns: 1863, Time: 00:04:47

Health: -2/46      AC:  2    Str: 16    XL:     5   Next: 41%
Magic:  4/4        EV: 12    Int:  5    God:
Gold:   32         SH:  0    Dex: 11    Spells: 4/4 levels left

rFire    . . .     SeeInvis .     - Unarmed
rCold    + . .     Faith    .   (no shield)
rNeg     + + +     Spirit   .   a - +0 robe
rPois    ∞         Reflect  .   (no helmet)
rElec    .         Harm     .   (no cloak)
rCorr    .         Rampage  .   (no gloves)
Will     .....                  (no boots)
Stlth    ++........             (no amulet)
HPRegen  0.00/turn              (no ring)
MPRegen  0.09/turn              (no ring)

@: brilliant, inhibited regen, hasted, very quick
A: claws 1, cold resistance 1, negative energy resistance 3, inhibited
regeneration, torment resistance 2
a: no special abilities


You were on level 4 of the Dungeon.
You visited 1 branch of the dungeon, and saw 3 of its levels.

You collected 32 gold pieces.

Inventory:

Armour
 a - a +0 robe (worn)
Scrolls
 c - a scroll of amnesia {unknown}
 f - a scroll of teleportation {unknown}
 g - a scroll of identify {unknown}
Potions
 d - a potion of magic


   Skills:
 + Level 4.0 Fighting
 - Level 3.0 Dodging
 + Level 3.2 Stealth
 + Level 5.3 Unarmed Combat


You had 4 spell levels left.
You didn't know any spells.
Your spell library contained the following spells:

 Spells                   Type           Power      Damage    Failure   Level
 Frozen Ramparts          Ice            0%         1d2       85%         3
 Summon Ice Beast         Ice/Summ       0%         N/A       99%         4
 Ice Form                 Ice/Tmut       Unusable   N/A       N/A         4

Dungeon Overview and Level Annotations

Branches:
Dungeon (2/15)

Altars:

Annotations:
D:4 Edmund, Ijyb


Innate Abilities, Weirdness & Mutations

You thrive by killing the living.
You are immune to poison.
You have sharp fingernails.
Your flesh is cold resistant. (rC+)
You are immune to negative energy. (rN+++)
You do not regenerate when monsters are visible.
You are immune to unholy pain and torment.


Message History

A hobgoblin comes into view.
The hobgoblin shouts!
You hear a shout! x2
You closely miss the hobgoblin. The hobgoblin hits you.
You barely miss the hobgoblin. The hobgoblin misses you.
You scratch the hobgoblin.
The hobgoblin is moderately wounded.
The hobgoblin hits you.
You claw the hobgoblin!
You kill the hobgoblin!
Ijyb the Twisted Goblin comes into view.
She is wielding a +1 dagger of draining and carrying a wand of iceblast (9).
Ijyb shouts!
An orc comes into view. It is wielding a +1 dagger of draining.
There is an open door here.
You see here a hobgoblin corpse.
Edmund the Younger comes into view.
He is wielding a +0 vorpal dire flail.
Ijyb zaps a wand.
The mass of ice explodes!
The iceblast engulfs you! You partially resist.
An orc comes into view. It is wielding a +0 club.
The orc shouts!
Ijyb zaps a wand.
The mass of ice explodes!
The iceblast engulfs you! You partially resist.
You hear a shout!
A giant cockroach comes into view.
Ijyb zaps a wand.
The mass of ice explodes!
The iceblast engulfs you! You partially resist.
* * * LOW HITPOINT WARNING * * *
You scratch Ijyb but do no damage. Ijyb barely misses you.
It was a potion of magic.
Magic courses through your body. Ijyb barely misses you.
It was a potion of brilliance.
You feel clever all of a sudden.
Ijyb hits you with a +1 dagger of draining.
* * * LOW HITPOINT WARNING * * *
It was a potion of haste.
You feel yourself speed up.
Ijyb hits you with a +1 dagger of draining.
* * * LOW HITPOINT WARNING * * *
You scratch Ijyb.
Ijyb is lightly wounded.
Ijyb hits you with a +1 dagger of draining.
You die...

...........####....o....
............###....@....
...................###.#
..........#..#.....#
..........##.#..@o.#
..........##..##B###
..........##.. #o#
....#####..... #g# ....#
.### #@# ....# #.# ....#
#.# ....# #.# ....# #.#
#.# ..# ... .##


You could see Edmund, Ijyb, 2 orcs and a giant cockroach.

Vanquished Creatures
  Natasha (thrice) (D:2)
  4 adders (D:2)
  A worm (D:2)
  2 dart slugs
  3 ball pythons
  5 endoplasms
  2 giant cockroaches (D:1)
  4 goblins
  3 hobgoblins
  6 kobolds
  2 quokkas
  2 bats
  2 frilled lizards (D:1)
  3 rats (D:1)
42 creatures vanquished.

Vanquished Creatures (others)
  A plant (D:1)
1 creature vanquished.

Grand Total: 43 creatures vanquished

Notes
Turn   | Place    | Note
-------+----------+-------------------------------------------
     0 | D:1      | ZARRMARR the Ghoul Monk began the quest for the Orb.
     0 | D:1      | Reached XP level 1. HP: 19/19 MP: 0/0
   131 | D:1      | Reached XP level 2. HP: 26/26 MP: 1/1
   318 | D:1      | Found a faded altar of an unknown god.
   769 | D:1      | Reached XP level 3. HP: 33/33 MP: 2/2
  1077 | D:2      | Noticed Natasha
  1088 | D:2      | Killed Natasha
  1089 | D:2      | Reached skill level 4 in Unarmed Combat
  1255 | D:2      | Reached XP level 4. HP: 33/40 MP: 3/3
  1326 | D:2      | Noticed Natasha
  1331 | D:2      | Killed Natasha
  1512 | D:2      | Noticed Natasha
  1522 | D:2      | Killed Natasha
  1523 | D:2      | Reached skill level 5 in Unarmed Combat
  1523 | D:2      | Reached XP level 5. HP: 21/46 MP: 4/4
  1811 | D:2      | You fall into a shaft and drop 2 floors!
  1845 | D:4      | Noticed Ijyb
  1846 | D:4      | Noticed Edmund
  1862 | D:4      | HP: 1/46 [Ijyb (2)]
  1863 | D:4      | Slain by Ijyb

Illustrated notes

Levels and vault maps discovered:
D:1:      minmay_arrival_five_plusses, layout_rooms,
          dreamdust_ecumenical_altar_hidden_monk_grotto
D:2:      layout_rooms, uniq_natasha
D:4:      layout_basic, uniq_menkaure, uniq_eustachio, uniq_ijyb, uniq_edmund

Skill      XL: |  1  2  3  4 |
---------------+-------------+-----
Dodging        | 3 |  3.0
Unarmed Combat | 4 5 |  5.3
Stealth        | 3 |  3.2
Fighting       | 4 |  4.0

Action                   |  1- 3 |  4- 6 || total
-------------------------+-------+-------++-------
Melee: Unarmed           |    88 |    61 ||   149
       Punch             |     1 |     2 ||     3
  Use: Scroll            |     2 |       ||     2
       Potion            |       |     3 ||     3
 Stab: Sleeping          |     5 |       ||     5
Armor: Robe              |    11 |     6 ||    17
Dodge: Dodged            |    42 |    26 ||    68
